[Event "*** Titled Tuesday Blitz"]
[Site "Chess.com"]
[Date "2021.02.16"]
[Round "1"]
[White "MIJuanReyesRosa"]
[Black "maxip32"]
[Result "0-1"]
[WhiteElo "2127"]
[BlackElo "2506"]
[TimeControl "180+1"]
[EndTime "10:07:13 PST"]
[Termination "maxip32 won on time"]

1. d4 Nf6 2. Nf3 g6 3. c4 Bg7 4. Nc3 O-O 5. e4 d6 6. Be2 Na6 7. O-O e5 8. Re1 exd4 9. Nxd4 Re8 10. Bf1 c6 11. f3 Nc5 12. Be3 a5 13. Rc1 Nfd7 14.
Qd2 Ne5 15. b3 Qe7 16. Bf2 Bd7 17. Rcd1 Rad8 18. Kh1 Bc8 19. Qc2 h5 20. a3 h4 21.
b4 axb4 22. axb4 Ne6 23. Nxe6 Bxe6 24. Na4 h3 25. f4 hxg2+ 26. Bxg2 Ng4 27. Bb6 Ra8 28.
Bf3 Qh4 29. Bxg4 Bxg4 30. Rc1 Bf3+ 31. Kg1 Qxf4 32. Be3 Qg4+ 33. Kf1 Rxa4 0-1

[Event "*** Titled Tuesday Blitz"]
[Site "Chess.com"]
[Date "2021.02.16"]
[Round "1"]
[White "Maddie"]
[Black "dukicz123"]
[Result "0-1"]
[WhiteElo "2032"]
[BlackElo "2485"]
[TimeControl "180+1"]
[EndTime "10:07:13 PST"]
[Termination "dukicz123 won by resignation"]

1. d4 Nf6 2. e3 g6 3. Bd3 Bg7 4. f4 O-O 5. Nf3 d6 6. O-O Nc6 7. c3 e5 8. fxe5 dxe5 9. Bc2 a5 10. Bb3 e4 11. Ng5 h6 12. Nxf7 Rxf7 13. Nd2 Nd5 14.
Rxf7 Kxf7 15. Nxe4 Ne7 16. Ng3 Be6 17. Bd2 Qd7 18.
Qf3+ Kg8 19. Rf1 a4 20. Bc4 Rf8 21. Qe2 Rxf1+ 22. Qxf1 c6 23. a3 b5 24. Ba2 Kh7 25. Qe2 Nf4 26. exf4 Bxa2 27. Ne4 Qe6 28. Kf2 Bc4 29.
Qe1 Bd5 30. Nc5 Qxe1+ 31. Kxe1 Bxg2 32. Kf2 Bd5 33. Kg3 Nf5+ 34. Kf2 Bf6 35. Ke1 g5 36. fxg5 Bxg5 37. Bxg5 hxg5 38. Kf2 Kg6 39. Kg1 g4 40. Kf2 Kg5 41. Na6 Kf4 42. Nb4 Be4 43. Na6 g3+ 44. hxg3+ Nxg3 45. Ke1 Ke3 46. Nb4 Ne2 47. Kd1 Nf4 48.
Ke1 Nd3+ 49. Nxd3 Kxd3 50. Kd1 Kc4 51. Kd2 Kb3 52. Kc1 Bf5 53. Kd2 Kxb2 0-1

[Event "*** Titled Tuesday Blitz"]
[Site "Chess.com"]
[Date "2021.02.16"]
[Round "1"]
[White "KetiGrant"]
[Black "AcostaPablo"]
[Result "0-1"]
[WhiteElo "2369"]
[BlackElo "2691"]
[TimeControl "180+1"]
[EndTime "10:07:14 PST"]
[Termination "AcostaPablo won on time"]

1. e4 c5 2. Nf3 e6 3. d4 cxd4 4. Nxd4 a6 5. Bd3 Nf6 6. O-O Qc7 7. Qe2 d6 8. c4 Nc6 9. Be3 Ne5 10.
Nd2 Be7 11. Rac1 Nxd3 12. Qxd3 O-O 13. Kh1 b6 14. f4 Bb7 15. f5 Qd7 16. Ne2 b5 17.
Bd4 Rac8 18. b3 Rfd8 19. Nc3 Bc6 20. Qg3 b4 21. fxe6 fxe6 22. Bxf6 Bxf6 23. Rxf6 bxc3 24.
Rxc3 Rf8 25. Rcf3 Rxf6 26. Rxf6 Qe7 27. Rf1 Rf8 28. Rxf8+ Qxf8 29. Qf3 Qd8 30. Kg1 Qa5 31. Qd3 Qe5 32. a4 a5 33. Nf3 Qf4 34. Nd2 h5 35. g3 Qe5 36. Kf2 Qc5+ 37. Qe3 Qe5 0-1

[Event "*** Titled Tuesday Blitz"]
[Site "Chess.com"]
[Date "2021.02.16"]
[Round "1"]
[White "Chernov_Alexander_A"]
[Black "Krakozia"]
[Result "0-1"]
[WhiteElo "2297"]
[BlackElo "2610"]
[TimeControl "180+1"]
[EndTime "10:07:14 PST"]
[Termination "Krakozia won on time"]

1. e4 c5 2. Nf3 d6 3. c3 Nf6 4. Bb5+ Nbd7 5. Qe2 a6 6. Bxd7+ Bxd7 7. O-O e5 8. d4 cxd4 9. Rd1 dxc3 10. Nxc3 h6 11. h3 Be7 12. Be3 O-O 13. a4 Rc8 14. a5 Qc7 15.
Bb6 Qc4 16. Qe3 Qe6 17. Nh4 Rfe8 18. Nf5 Bf8 19. Rd3 Bc6 20. g4 d5 21. exd5 Nxd5 22.
Qg3 g6 23. Nh4 Nf4 24. Re3 Bg7 25. Rae1 Qd6 26. Ne4 Bxe4 27. Rxe4 Re6 28. Kh2 Rc2 29. b4 Rd2 30. Bc5 Qd8 31. Kg1 Rd3 32. R4e3 Rxe3 33. Rxe3 Qd1+ 34. Kh2 Qf1 35. Ng2 g5 36. Re1 Qd3 37.
Ne3 h5 38. Rd1 Qe2 39. Rd8+ Kh7 40. gxh5 Qxh5 41. Ng4 f5 42. Ne3 g4 43. h4 Rh6 44. Kg1 Ne2+ 45. Kf1 Nxg3+ 0-1

[Event "*** Titled Tuesday Blitz"]
[Site "Chess.com"]
[Date "2021.02.16"]
[Round "1"]
[White "dosto07"]
[Black "MrTattaglia"]
[Result "0-1"]
[WhiteElo "2405"]
[BlackElo "2769"]
[TimeControl "180+1"]
[EndTime "10:07:15 PST"]
[Termination "MrTattaglia won on time"]

1. e4 e5 2. Nf3 Nc6 3. Bb5 a6 4. Ba4 Nf6 5. O-O Be7 6. Re1 b5 7. Bb3 d6 8. c3 O-O 9. h3 Na5 10.
Bc2 c5 11. d4 Nd7 12. d5 g6 13.
Bh6 Re8 14. Nbd2 Nb6 15. Nf1 Bf8 16. Qc1 Bxh6 17. Qxh6 Qf6 18. Ng3 Qg7 19. Qh4 f6 20. Nf1 Kh8 21. b3 Rg8 22. Kh1 Bd7 23. Ne3 Raf8 24.
Nh2 f5 25. f3 f4 26. Neg4 h5 27. Nf2 Qh6 28. Nhg4 Qh7 29. Qg5 hxg4 30. Nxg4 Bxg4 31.
fxg4 Nd7 32. Rf1 Nf6 33. Kg1 Nb7 34. a4 b4 35. Bd3 Nd8 36. Bxa6 Kg7 37. Rxf4 exf4 38.
Qxf4 Ne8 39. Qg3 Nf7 40. cxb4 cxb4 41. Qe3 Ne5 42. Qd4 Kh8 43. Be2 Qg7 44. Qxb4 Nf3+ 45. Bxf3 Qxa1+ 46. Kh2 Qe5+ 0-1

[Event "*** Titled Tuesday Blitz"]
[Site "Chess.com"]
[Date "2021.02.16"]
[Round "1"]
[White "eightbyeightchess"]
[Black "Maghalashvili"]
[Result "0-1"]
[WhiteElo "2382"]
[BlackElo "2709"]
[TimeControl "180+1"]
[EndTime "10:07:15 PST"]
[Termination "Maghalashvili won by resignation"]

1. e4 c5 2. Nf3 d6 3. d4 cxd4 4. Qxd4 Nc6 5. Bb5 Bd7 6. Bxc6 Bxc6 7. Nc3 Nf6 8. Bg5 e6 9. O-O-O h6 10. Bxf6 Qxf6 11.
e5 dxe5 12. Nxe5 Be7 13. Nxc6 bxc6 14. Qd7+ Kf8 15. Qxc6 Rb8 16. Rd3 Qxf2 17. Rf3 Qb6 18. Qxb6 Rxb6 19. Rd1 Rb8 20. Rd7 a5 21. Ra7 f5 22.
Rxa5 Kf7 23. Ra7 Rhd8 24. a4 g5 25. a5 Kf6 26. a6 g4 27. Rf1 Rb6 28. Ne4+ Kf7 29. c4 Rc8 30. c5 Ke8 31. Nc3 Bxc5 32. Rd1 Rxb2 33. Kxb2 Bxa7 34. Nb5 Rb8 35. Kc3 Rxb5 0-1

[Event "*** Titled Tuesday Blitz"]
[Site "Chess.com"]
[Date "2021.02.16"]
[Round "1"]
[White "sergivila"]
[Black "JosefineHeinemann"]
[Result "0-1"]
[WhiteElo "2293"]
[BlackElo "2600"]
[TimeControl "180+1"]
[EndTime "10:07:15 PST"]
[Termination "JosefineHeinemann won by resignation"]

1. e4 c5 2. Nf3 d6 3. Bb5+ Nd7 4. d4 cxd4 5. Qxd4 a6 6. Bxd7+ Bxd7 7. c4 Nf6 8. Nc3 g6 9. Bg5 Bg7 10. Nd5 e5 11.
Qd3 Bc6 12. O-O Bxd5 13. cxd5 O-O 14. Rfc1 Qb6 15. Bxf6 Bxf6 16. Rc2 Rfc8 17. Rac1 Qd8 18. a4 Qd7 19. Qb3 Bd8 20. Nd2 Bg5 21. Rxc8+ Rxc8 22. Rxc8+ Qxc8 23. Nc4 Qc5 24. g3 b5 25. axb5 axb5 26. Na3 b4 27. Nc4 f5 28. exf5 gxf5 29. Qd3 e4 30. Qe2 Qxd5 31. b3 Qe6 32. Qh5 h6 33. h4 d5 34. Nb2 Bc1 35. Na4 d4 36. Qd1 e3 37. Qxc1 e2 38. Qe1 d3 39. Nc5 d2 40. Qxd2 e1=Q+ 0-1

[Event "*** Titled Tuesday Blitz"]
[Site "Chess.com"]
[Date "2021.02.16"]
[Round "1"]
[White "Piccadilly123"]
[Black "klimkoj"]
[Result "1-0"]
[WhiteElo "2271"]
[BlackElo "2552"]
[TimeControl "180+1"]
[EndTime "10:07:16 PST"]
[Termination "Piccadilly123 won on time"]

1. e4 c5 2. c3 d5 3. exd5 Qxd5 4. d4 Nc6 5. Nf3 Bf5 6. Be3 cxd4 7. cxd4 Bxb1 8. Qxb1 e5 9. dxe5 Bb4+ 10. Bd2 Bxd2+ 11. Nxd2 O-O-O 12. Qc2 Kb8 13. Nf3 Nxe5 14. Be2 Nxf3+ 15.
Bxf3 Qe5+ 16. Qe2 Qa5+ 17. Kf1 Nf6 18. g3 Rhe8 19. Qc4 Rd2 20. Kg2 Qc7 21. Qb3 g5 22.
Rac1 Qd7 23. Rhd1 g4 24. Bc6 Rxd1 25. Bxd7 Rxd7 26. Rd1 Rde7 27. Rd4 Ne4 28. Rb4 Nxf2 29. Rf4 Ne4 30. Rxf7 1-0

[Event "*** Titled Tuesday Blitz"]
[Site "Chess.com"]
[Date "2021.02.16"]
[Round "1"]
[White "Dedic8"]
[Black "Vasily85"]
[Result "1-0"]
[WhiteElo "2823"]
[BlackElo "2424"]
[TimeControl "180+1"]
[EndTime "10:07:18 PST"]
[Termination "Dedic8 won by resignation"]

1. e4 c5 2. Nf3 e6 3. d4 cxd4 4. Nxd4 Nc6 5. Nc3 Qc7 6. Be3 a6 7. Qf3 Nf6 8. O-O-O Ne5 9. Qg3 b5 10. f4 Neg4 11. Bg1 h5 12. e5 b4 13. Na4 Nd5 14. h3 Nh6 15. f5 Bb7 16. Bd3 Rc8 17. Kb1 Be7 18. Qxg7 Rg8 19. Qxh6 Qxe5 20. Nf3 Qf4 21. Qxf4 Nxf4 22. fxe6 dxe6 23. Bh2 Nxd3 24. Rxd3 Rxg2 25. Bf4 Rcxc2 26. Re1 Rcf2 27. Ree3 Rxf3 28. Rxf3 Bxf3 29. Rxf3 Rg1+ 30. Kc2 Bh4 31. Kd3 Ke7 32. Be3 Bf6 33. Bc5+ Kd7 34. Bxg1 1-0

[Event "*** Titled Tuesday Blitz"]
[Site "Chess.com"]
[Date "2021.02.16"]
[Round "1"]
[White "ajdemipopushi"]
[Black "ENajer77"]
[Result "1-0"]
[WhiteElo "2344"]
[BlackElo "2612"]
[TimeControl "180+1"]
[EndTime "10:07:18 PST"]
[Termination "ajdemipopushi won on time"]

1. Nf3 d5 2. g3 g6 3. c4 Bg7 4. cxd5 Nf6 5. Bg2 Nxd5 6. d4 O-O 7. O-O Nb6 8. Nc3 Nc6 9. d5 Na5 10. e4 c6 11. Re1 Bg4 12. h3 Bxf3 13. Qxf3 Nac4 14.
b3 Ne5 15. Qe2 Ned7 16. Bb2 Rc8 17. Rad1 cxd5 18. Nxd5 Bxb2 19. Qxb2 Nxd5 20. exd5 Nf6 21. d6 exd6 22. Bxb7 Rc7 23. Bf3 Re8 24. Qd4 Rxe1+ 25. Rxe1 h5 26. Rd1 Kg7 27. Kg2 Rc2 28. Qxa7 d5 29.
a4 Rb2 30. Rd3 Qc8 31. Qd4 Qc1 32. Rd1 Qc2 33. Bxd5 Qe2 34. Bf3 Qc2 35. a5 Qxb3 36. a6 Ra2 37. a7 Ra4 38. a8=Q Rxa8 39. Bxa8 Qa2 40. Bd5 Qc2 41. Rd2 Qf5 42. Bf3 1-0

[Event "*** Titled Tuesday Blitz"]
[Site "Chess.com"]
[Date "2021.02.16"]
[Round "1"]
[White "Susal_De_Silva"]
[Black "Fortitudine"]
[Result "1-0"]
[WhiteElo "2628"]
[BlackElo "2327"]
[TimeControl "180+1"]
[EndTime "10:07:18 PST"]
[Termination "Susal_De_Silva won on time"]

1. e4 c5 2. Nf3 d6 3. Bb5+ Nd7 4.
O-O g6 5. Re1 Bg7 6. c3 a6 7.
Bd3 Ngf6 8. Bc2 O-O 9. d4 cxd4 10. cxd4 e5 11. Nc3 b5 12. Bg5 Bb7 13. dxe5 Nxe5 14.
Nd5 Bxd5 15. exd5 Re8 16. Nxe5 Rxe5 17. Rxe5 dxe5 18. Be4 Qd6 19. Bxf6 Bxf6 20. Rc1 Rd8 21. Qb3 Bg7 22. Rc6 Qd7 23. d6 Rf8 24. Qd5 Qg4 25.
f3 Qg5 26. d7 Rd8 27. Rc8 Bf6 28. g3 Qe3+ 29. Kf1 Kg7 30. Rxd8 Bxd8 31. Qxe5+ Kh6 32. Qe8 Bb6 33. Qf8+ Kh5 34. g4+ Kg5 35. d8=Q+ Bxd8 36. Qxd8+ f6 37. Qd3 Qc1+ 38. Ke2 1-0

[Event "*** Titled Tuesday Blitz"]
[Site "Chess.com"]
[Date "2021.02.16"]
[Round "1"]
[White "DrRiebert"]
[Black "GigaQuparadze"]
[Result "1-0"]
[WhiteElo "2480"]
[BlackElo "2935"]
[TimeControl "180+1"]
[EndTime "10:07:20 PST"]
[Termination "DrRiebert won by resignation"]

1. e4 c5 2. Nf3 e6 3. d4 cxd4 4. Nxd4 a6 5. Nc3 b5 6. a4 b4 7. Na2 Nf6 8. Bd3 Bb7 9. Qe2 Nc6 10. Nxc6 Bxc6 11. b3 Qc7 12. O-O Bd6 13. Kh1 a5 14. c3 bxc3 15. Nxc3 Be5 16. Bd2 O-O 17. f4 Bd4 18. Rad1 Qb7 19. Nb5 Bc5 20. e5 Nd5 21. f5 exf5 22. Rxf5 g6 23. Rff1 Rae8 24. Bc4 d6 25. Bh6 Rxe5 26. Qb2 Rfe8 27. Nd4 Bd7 28. Nf3 Bc6 29. Nxe5 dxe5 30. h3 Re7 31. Rd3 Re8 32.
Rdf3 Nf4 33. Rxf4 Bxg2+ 34. Kh2 Bd5 35. Rxf7 Bxf7 36. Bxf7+ Qxf7 37. Rxf7 Kxf7 38. Qg2 e4 39.
Qf1+ Ke7 40. Bg5+ Kd6 41. Qf6+ Kd7 42. Qf7+ Be7 43. Qd5+ Bd6+ 44. Bf4 Re6 45. Bxd6 Rxd6 46. Qxe4 h5 47. Qe5 Rd2+ 48. Kg3 Rd3+ 49. Kh4 Rd6 50.
Qxa5 1-0

[Event "*** Titled Tuesday Blitz"]
[Site "Chess.com"]
[Date "2021.02.16"]
[Round "1"]
[White "Chopper1905"]
[Black "GLeruste"]
[Result "1-0"]
[WhiteElo "2935"]
[BlackElo "2463"]
[TimeControl "180+1"]
[EndTime "10:07:20 PST"]
[Termination "Chopper1905 won on time"]

1. d4 c5 2. d5 d6 3. e4 Nf6 4.
Nc3 e6 5. Bb5+ Bd7 6. dxe6 fxe6 7. e5 Bxb5 8. Nxb5 Qa5+ 9. c3 Qxb5 10. exf6 Nc6 11. fxg7 Bxg7 12. Qh5+ Kf8 13. Ne2 Qd3 14. O-O Qg6 15. Qh3 Re8 16. Nf4 Qf5 17. g4 Qf7 18. Nh5 Rg8 19. f4 Ke7 20. f5 Kd7 21. f6 Bh8 22. Bh6 Ne5 23. Bg7 Kc7 24. Rad1 Qg6 25. Rf4 Bxg7 26. fxg7 Kb8 27. Nf6 Qc2 28. Qf1 Ng6 29.
Rf2 Qa4 30. Rxd6 Rc8 31. Nxg8 Qxg4+ 32. Rg2 Qf5 33. Qxf5 exf5 34. Rdxg6 hxg6 35. Ne7 1-0

[Event "*** Titled Tuesday Blitz"]
[Site "Chess.com"]
[Date "2021.02.16"]
[Round "1"]
[White "AldokhinIvan"]
[Black "Bulldog167"]
[Result "0-1"]
[WhiteElo "2437"]
[BlackElo "2871"]
[TimeControl "180+1"]
[EndTime "10:07:20 PST"]
[Termination "Bulldog167 won on time"]

1. e4 e6 2. d4 d5 3. Nc3 Bb4 4. Ne2 dxe4 5. a3 Bxc3+ 6. Nxc3 Nc6 7.
Bb5 Ne7 8. Nxe4 O-O 9. c3 e5 10. Be3 Qd5 11. Bd3 exd4 12. cxd4 Bf5 13. Ng3 Bxd3 14.
Qxd3 Rad8 15. O-O-O b5 16. h4 b4 17. a4 Qa2 18. h5 Qa1+ 19. Kd2 Qxb2+ 20. Ke1 Rfe8 21. h6 g6 22. Kf1 Qc3 23. Qb5 Rd5 24. Qa6 Ra5 25.
Qe2 Nd5 26. Rd3 Qa1+ 27. Rd1 Qxa4 28. Qf3 Qc2 29. Re1 b3 30. Rh4 b2 31. Ne4 b1=Q 0-1

[Event "*** Titled Tuesday Blitz"]
[Site "Chess.com"]
[Date "2021.02.16"]
[Round "1"]
[White "TST2014"]
[Black "Michaelson_11"]
[Result "1-0"]
[WhiteElo "2580"]
[BlackElo "2268"]
[TimeControl "180+1"]
[EndTime "10:07:20 PST"]
[Termination "TST2014 won on time"]

1. d4 Nf6 2. c4 g6 3. Nc3 Bg7 4. e4 d5 5. cxd5 O-O 6. h3 a6 7. a4 Re8 8. Nf3 e6 9. dxe6 Bxe6 10.
Bd3 Bd5 11. Bg5 Nxe4 12. Nxe4 Bxe4 13. Bxd8 Bxf3+ 14. Be2 Bxe2 15. Qxe2 Rxe2+ 16. Kxe2 Nc6 17. Bxc7 Nxd4+ 18. Kd3 Nb3 19. Rae1 Rc8 20. Be5 Nc5+ 21. Kd4 Nb3+ 22. Kd5 Rc5+ 23. Kd6 Bf8+ 24. Kd7 Rd5+ 25. Kc7 Nc5 26. Bc3 Rd7+ 27. Kc8 Bd6 28. Re8+ Bf8 29. b4 Rd3 30. Rc1 Ne6 31. Bf6 Rd2 32. Kb8 Rd7 33. Rcc8 b5 34. Be7 1-0

[Event "*** Titled Tuesday Blitz"]
[Site "Chess.com"]
[Date "2021.02.16"]
[Round "1"]
[White "Kaslask"]
[Black "rychessmaster1"]
[Result "0-1"]
[WhiteElo "2248"]
[BlackElo "2558"]
[TimeControl "180+1"]
[EndTime "10:07:22 PST"]
[Termination "rychessmaster1 won by resignation"]

1. d4 Nf6 2. c4 e6 3. Nc3 Bb4 4. Nf3 b6 5. Bg5 Bb7 6. Qc2 h6 7. Bh4 O-O 8. e3 c5 9. Bd3 d6 10. O-O Bxc3 11. Qxc3 Nbd7 12. dxc5 dxc5 13. Be2 Qc7 14.
Bg3 Qc8 15. Rfd1 Ne4 16. Qc2 Nxg3 17. hxg3 Rd8 18. Rd2 Qc7 19. Rad1 Nf6 20. Rxd8+ Rxd8 21. Rxd8+ Qxd8 22. Qd2 Qxd2 23. Nxd2 e5 24. Bf3 e4 25. Bd1 Nd7 26. Bc2 f5 27. g4 g6 28. gxf5 gxf5 29. g4 fxg4 30. Bxe4 Bxe4 31. Nxe4 Kg7 32. Kg2 Kg6 33.
Nd6 h5 34. Kg3 Kg5 35. Ne4+ Kf5 36. Nd6+ Ke6 37. Nc8 Kf6 38. b3 a6 39. Nd6 Ke6 40. Ne4 Ke5 41. Nc3 Nf6 42. Kh4 Kf5 43. a3 Kg6 44. Nd5 Nxd5 45. cxd5 b5 46. d6 Kf6 47. e4 c4 48. bxc4 bxc4 49. e5+ Ke6 50. Kg5 c3 51.
Kg6 c2 52. d7 Kxd7 53. Kf7 c1=Q 54. e6+ Kd6 55. e7 Qf4+ 0-1

[Event "*** Titled Tuesday Blitz"]
[Site "Chess.com"]
[Date "2021.02.16"]
[Round "1"]
[White "Orest_Vovk"]
[Black "Twitch_ElhamBlitz05"]
[Result "0-1"]
[WhiteElo "2424"]
[BlackElo "2822"]
[TimeControl "180+1"]
[EndTime "10:07:23 PST"]
[Termination "Twitch_ElhamBlitz05 won on time"]

1. e4 c6 2. Nc3 d5 3. Qe2 dxe4 4.
Nxe4 e6 5. Nf3 Nd7 6. d4 Ndf6 7.
Bg5 Be7 8. Nxf6+ Nxf6 9. g3 O-O 10. Bg2 c5 11. dxc5 Qa5+ 12. Bd2 Qxc5 13. c3 Bd7 14. O-O Bb5 15. Qe3 Qxe3 16. Bxe3 Bxf1 17. Kxf1 b6 18. Ne5 Rad8 19. Nc6 Rd7 20. Nxe7+ Rxe7 21. a4 Nd5 22.
Bxd5 exd5 23. a5 Rb7 24. b4 f6 25. axb6 axb6 26. Ra6 Rc8 27. Bd4 Kf7 28. Ke2 Rc6 29.
Kd3 Re6 30. Ra8 g5 31. Rd8 b5 32. Rxd5 Kg6 33. f4 gxf4 34. gxf4 Re1 35. f5+ Kg5 36.
h4+ Kxh4 37. Bxf6+ Kg4 38. Bd4 h5 39. f6 h4 40. Rd8 Rh7 41. Rg8+ Kh5 42. Rg7 Kh6 43. Kd2 Rxg7 44. fxg7 Re8 45. Kd3 h3 46. Be5 Kh7 0-1

[Event "*** Titled Tuesday Blitz"]
[Site "Chess.com"]
[Date "2021.02.16"]
[Round "1"]
[White "karenzadita"]
[Black "NewBornNow"]
[Result "1/2-1/2"]
[WhiteElo "2430"]
[BlackElo "2774"]
[TimeControl "180+1"]
[EndTime "10:07:23 PST"]
[Termination "Game drawn - insufficient material"]

1. e4 c5 2. c3 Nf6 3. e5 Nd5 4. Nf3 g6 5. d4 cxd4 6. cxd4 Bg7 7. Nc3 Nxc3 8. bxc3 d6 9. exd6 Qxd6 10. Be2 O-O 11. O-O Nc6 12. Re1 b6 13. Qb3 Bb7 14. Ba3 Qc7 15. Rac1 Rfd8 16. Ng5 e6 17. Bf3 Na5 18.
Qa4 Bxf3 19. Nxf3 Rac8 20. Ne5 Rd5 21. Bb4 Bxe5 22. dxe5 Rxe5 23. Rxe5 Qxe5 24. Qd7 Qc7 25. Qxc7 Rxc7 26. Bxa5 bxa5 27. Kf1 Rb7 28. Rc2 Kf8 29. Ke2 Ke7 30. Kd3 Kd6 31. Kc4 Kc6 32. a4 Rb1 33. Rd2 f5 34. h3 g5 35. g3 Rh1 36. Re2 Kd6 37. Rd2+ Ke7 38. Kb5 Rxh3 39. Kxa5 f4 40. Rd3 Rh2 41. gxf4 gxf4 42. Rf3 e5 43. Ka6 Ke6 44. Kxa7 Kf5 45. Rd3 Rxf2 46. a5 Ra2 47. a6 Ke4 48. Rd7 f3 49. Rxh7 f2 50. Rf7 Ke3 51. c4 Ra1 52. c5 f1=Q 53. Rxf1 Rxf1 54.
c6 Kd4 55. c7 Rf8 56. Kb7 e4 57.
c8=Q Rxc8 58. Kxc8 e3 59. a7 e2 60. a8=Q e1=Q 61. Qa4+ Kc5 62. Qa3+ Qb4 63. Qxb4+ Kxb4 1/2-1/2

[Event "*** Titled Tuesday Blitz"]
[Site "Chess.com"]
[Date "2021.02.16"]
[Round "1"]
[White "Vuk2000"]
[Black "KubaGepard"]
[Result "0-1"]
[WhiteElo "2684"]
[BlackElo "2390"]
[TimeControl "180+1"]
[EndTime "10:07:23 PST"]
[Termination "KubaGepard won by resignation"]

1. d4 d5 2. Bf4 Nf6 3. e3 c5 4. c3 e6 5. Nd2 Bd6 6. Bg3 O-O 7. Ngf3 Qc7 8. dxc5 Qxc5 9. Bd3 Nbd7 10. O-O Bxg3 11. hxg3 Qe7 12. c4 dxc4 13. Nxc4 b6 14. Qe2 Bb7 15.
Rac1 Rfc8 16. Rfd1 Rc7 17. Nce5 Rac8 18. Rxc7 Rxc7 19.
Bb5 Nc5 20. Qd2 Rc8 21. Bc6 Bxc6 22. Nxc6 Rxc6 23. Qd8+ Qe8 24. Ne5 Rc8 25. Qd6 Nfe4 26. Qd4 Nf6 27. g4 Nb7 28. g5 Rd8 29. gxf6 Rxd4 30.
Rxd4 gxf6 31. Ng4 Kg7 32. Nh2 f5 33. Nf3 Nc5 34. b4 Ne4 35. Ne5 Qb8 36. Nc6 Qc7 37. b5 a6 38. a4 axb5 39. axb5 Nc3 40. Rc4 Nxb5 41. Rc2 Na3 42. Rc3 b5 43. Rc5 b4 44.
g4 fxg4 45. Rg5+ Kf6 46. Rc5 b3 47. Ne5 Qxe5 0-1

[Event "*** Titled Tuesday Blitz"]
[Site "Chess.com"]
[Date "2021.02.16"]
[Round "1"]
[White "youngKID"]
[Black "Tashik"]
[Result "1-0"]
[WhiteElo "2839"]
[BlackElo "2427"]
[TimeControl "180+1"]
[EndTime "10:07:24 PST"]
[Termination "youngKID won on time"]

1. Nf3 d5 2. g3 Nd7 3. Bg2 e5 4. d3 Bd6 5. O-O Ngf6 6. Nbd2 O-O 7. e4 c6 8. Qe2 Re8 9. h3 b6 10. Rd1 Ba6 11. Nh4 Qc7 12. a4 Bf8 13. Qe1 Nc5 14.
Nf1 Rad8 15. Bg5 dxe4 16. Bxf6 gxf6 17. dxe4 Rxd1 18. Qxd1 Kh8 19. Qf3 Be7 20. Ne3 Ne6 21. c3 Rd8 22. Nhf5 Rd2 23. b4 Be2 24. Nd5 cxd5 25.
Qe3 Rc2 26. exd5 Ng7 27. Nxe7 Qxe7 28. Be4 Rb2 29. a5 f5 30. axb6 a6 31. Bd3 f4 32.
Qe4 Bxd3 33. Qxd3 fxg3 34. Qxg3 1-0

[Event "*** Titled Tuesday Blitz"]
[Site "Chess.com"]
[Date "2021.02.16"]
[Round "1"]
[White "digilik"]
[Black "IljaJoke"]
[Result "1-0"]
[WhiteElo "2250"]
[BlackElo "2535"]
[TimeControl "180+1"]
[EndTime "10:07:24 PST"]
[Termination "digilik won on time"]

1. e4 e5 2. Nf3 Nc6 3. Nc3 Nf6 4. Bb5 Bb4 5. O-O O-O 6. d3 Bxc3 7. bxc3 d6 8. Re1 Qe7 9. d4 a6 10. Bf1 Bg4 11.
d5 Nb8 12. h3 Bc8 13. c4 Nbd7 14. Nh4 Nc5 15. Nf5 Bxf5 16. exf5 Nfd7 17. f4 Qf6 18. g4 exf4 19. Bxf4 Rae8 20. Be3 Re4 21. Bd3 Ree8 22. Qd2 h6 23. Bf2 Ne5 24. Kg2 Re7 25. Rab1 b6 26. Re2 Rfe8 27. Rbe1 Ned7 28. Rxe7 Rxe7 29. Bd4 Qh4 30. Bf2 Qf6 31. Bd4 Qxd4 32. Rxe7 Ne5 33. Re8+ Kh7 34. f6+ g6 35. Rh8+ 1-0

[Event "*** Titled Tuesday Blitz"]
[Site "Chess.com"]
[Date "2021.02.16"]
[Round "1"]
[White "JQuiroga18"]
[Black "Rsnr"]
[Result "0-1"]
[WhiteElo "2413"]
[BlackElo "2790"]
[TimeControl "180+1"]
[EndTime "10:07:26 PST"]
[Termination "Rsnr won by resignation"]

1. e4 c6 2. Nc3 d5 3. Nf3 Bg4 4. h3 Bh5 5. exd5 cxd5 6. Bb5+ Nc6 7. g4 Bg6 8. Ne5 Rc8 9. d4 e6 10. h4 f6 11. Nxg6 hxg6 12. h5 gxh5 13. gxh5 f5 14. Bf4 Nf6 15. Qf3 Kf7 16. O-O-O Qa5 17. Bxc6 Rxc6 18.
Kb1 Bb4 19. Ne2 Rhc8 20. Qg3 Ng4 21. c3 Ra6 22. Nc1 Bxc3 23. bxc3 Rxc3 24. Rd3 Qb5+ 25. Ka1 Rc2 26. Rb3 Qc6 27. Qd3 Nxf2 28. Qb5 Nxh1 29.
Qxb7+ Qxb7 30. Rxb7+ Kg8 31. Rb8+ Kh7 32. h6 gxh6 33.
Rb7+ Kg6 34. Kb1 Rf2 35. Be5 Rb6+ 36. Rxb6 axb6 37. Nd3 Rf3 38. Nb4 Ng3 39. Nc6 h5 40. Nd8 h4 41. Nxe6 h3 42. Nf4+ Rxf4 0-1

[Event "*** Titled Tuesday Blitz"]
[Site "Chess.com"]
[Date "2021.02.16"]
[Round "1"]
[White "Skat2704"]
[Black "zimmm36"]
[Result "0-1"]
[WhiteElo "2537"]
[BlackElo "2261"]
[TimeControl "180+1"]
[EndTime "10:07:26 PST"]
[Termination "zimmm36 won by resignation"]

1. d4 Nf6 2. c4 e6 3. Nf3 b6 4. g3 Ba6 5. Qc2 Bb4+ 6. Bd2 Be7 7.
Bg2 c6 8. O-O O-O 9. Rd1 d5 10.
Ne5 Nfd7 11. Bf4 Nxe5 12. Bxe5 Nd7 13. Nd2 Nxe5 14. dxe5 Rc8 15. Qa4 Bb7 16. cxd5 cxd5 17. Qxa7 Bc6 18. Qa6 Bc5 19. Qd3 Qd7 20. a3 Bb5 21.
Qf3 f6 22. e3 fxe5 23. Qg4 Rf5 24. b4 h5 25. Qg6 Be2 26. bxc5 Bxd1 27. Rxd1 bxc5 28. Ne4 Qe7 29. Nc3 Rcf8 30. Bh3 R8f6 31.
Bxf5 Rxg6 32. Bxg6 e4 33. Bxh5 c4 34. Ne2 Qxa3 35.
Bg4 Kf7 36. Nd4 e5 37. Nc6 Qd6 38. Na5 c3 39. Nb3 Qb4 40. Nc1 c2 41. Rf1 d4 42.
exd4 exd4 43. Bf5 d3 44. f3 d2 45. fxe4 d1=Q 46. Bg4+ Qxf1+ 47. Kxf1 Qd2 0-1

[Event "*** Titled Tuesday Blitz"]
[Site "Chess.com"]
[Date "2021.02.16"]
[Round "1"]
[White "Mihnea2017"]
[Black "NTBT_DHS"]
[Result "1-0"]
[WhiteElo "2437"]
[BlackElo "2792"]
[TimeControl "180+1"]
[EndTime "10:07:28 PST"]
[Termination "Mihnea2017 won by resignation"]

1. e4 g6 2. d4 Bg7 3. Nc3 a6 4.
f4 d5 5. e5 Nh6 6. Nf3 O-O 7.
Be3 Nc6 8. h3 f6 9. Qd2 fxe5 10.
dxe5 Nf5 11. Bf2 d4 12. Ne4 Be6 13. g4 Qd5 14. Bd3 Ne3 15. Bxe3 dxe3 16. Qxe3 Bh6 17. g5 Bg7 18. Nc3 Qa5 19. Be4 Nb4 20. Kf2 c6 21. h4 Rf7 22. h5 Raf8 23. Rh4 Bf5 24. hxg6 hxg6 25. Rah1 Nxc2 26. Bxc2 Bxc2 27. Nd4 Bf5 28. e6 Bxe6 29. Nxe6 Qb4 30. Nxf8 Qxb2+ 31. Ne2 Rxf8 32. Qe6+ Rf7 33. Rh7 Qb6+ 34. Kg2 Qb2 35. Rxg7+ Qxg7 36. f5 gxf5 37. g6 Kf8 38. Qxf7+ Qxf7 39. gxf7 Kg7 40. Kf3 Kxf7 41. Nd4 e5 42. Nxf5 Kf6 43. Ke4 Ke6 44.
Rh6+ 1-0

[Event "*** Titled Tuesday Blitz"]
[Site "Chess.com"]
[Date "2021.02.16"]
[Round "1"]
[White "CM_rui"]
[Black "XDPS"]
[Result "1-0"]
[WhiteElo "2416"]
[BlackElo "2737"]
[TimeControl "180+1"]
[EndTime "10:07:28 PST"]
[Termination "CM_rui won by checkmate"]

1. e4 c5 2. Nf3 e6 3. c4 Nc6 4. d4 cxd4 5. Nxd4 Nf6 6. Nc3 Bb4 7.
Nxc6 bxc6 8. Bd3 e5 9. O-O O-O 10. Be3 d6 11. Rc1 Bg4 12. f3 Be6 13. a3 Ba5 14. b4 Bb6 15. Qe2 Bd4 16. Rfd1 Nh5 17. g3 Qg5 18. Kf2 f5 19. Bxd4 exd4 20. exf5 Bxf5 21. Ne4 Bxe4 22. Qxe4 Nf6 23. Qxd4 Ng4+ 24. Kg1 Rxf3 25. Qe4 Ne5 26. Qxh7+ Kf7 27. Rf1 Qe3+ 28. Kg2 Qd2+ 29. Kh3 Rf8 30. Rxf3+ Nxf3 31. Rf1 Ke8 32.
Rxf3 Rxf3 33. Qh5+ Rf7 34. Bg6 Kd8 35. Bxf7 Qe3 36.
Qh8+ Kc7 37. Qe8 Qh6+ 38. Bh5 Kb6 39. Qb8+ Ka6 40. b5+ Ka5 41. Qxa7# 1-0